cohdb
Replays
Latest Replays
All Replays
Popular Replays
Top Player Replays
Match Explorer
How It Works
Community
CoH3 Stats
Reddit
Sign in to upload your games and track your stats! →
Sign in with Steam
Match 40337238
Unlisted
Match 40337238
Overview
Messages
Build Orders
End
Scout Squad
Construct Barracks
Selects Armored Battlegroup
Selects Veteran Crews
1⁄4-ton 4x4 Truck
Riflemen Squad
Riflemen Squad
Riflemen Squad
Construct Medical Station
Grenade Package
Mechanized Support Center
M1918 Browning Automatic Rifles
M1 Mortar Team
Construct Weapon Support Center
Bazooka Squad
Selects Strength in Steel
Selects M8 Scott SPG
M8 Scott SPG
Construct Motor Pool
Selects Field Repairs
M24 Chaffee Light Tank
Selects War Machine
Selects UNKNOWN (2160077)
Improvised Armor
Designate Forward Repair Station
M24 Chaffee Light Tank
Riflemen Squad
Scout Squad
M1 Anti-tank Gun Team
Riflemen Squad
M24 Chaffee Light Tank
von
^3
0
0
Comments
sign in to comment!
No comments posted yet!